 Dungeon Crawl Stone Soup version 0.24.0-124-g2791043dd8 (webtiles) character file.

Game seed: 15297971907281418860, levelgen mode: deterministic

6330 Amplified the Magician (level 10, -1/69 HPs)
             Began as a Merfolk Summoner on Feb 14, 2020.
             Was an Elder of Sif Muna.
             Hit by a large rock thrown by a cyclops (19 damage)
             ... on level 10 of the Dungeon.
             The game lasted 00:19:16 (9707 turns).

Amplified the Magician (Merfolk Summoner)           Turns: 9707, Time: 00:19:16

Health: -1/69      AC:  7    Str: 11    XL:     10   Next: 96%
Magic:  0/21       EV: 14    Int: 14    God:    Sif Muna [****..]
Gold:   396        SH:  5    Dex: 16    Spells: 4/24 levels left

rFire    + + +     SeeInvis +   p - +3 whip (elec)
rCold    . . .     Gourm    .   m - +0 buckler
rNeg     + + .     Faith    .   a - +1 leather armour of Fun {rPois rF+++ MR- SInv} (curse)
rPois    +         Spirit   +   (no helmet)
rElec    .         Reflect  .   q - scarf {Spirit}
rCorr    .         Harm     .   g - +2 pair of gloves
MR       .....                  (no boots)
Stlth    ++........             (no amulet)
HPRegen  0.21/turn              n - ring of positive energy
MPRegen  0.17/turn              l - ring of positive energy

@: no status effects
A: change form in water, swift swim, stealthy swim
a: Channel Magic, Forget Spell, Divine Exegesis, Renounce Religion


You were on level 10 of the Dungeon.
You worshipped Sif Muna.
Sif Muna was greatly pleased with you.
You were not hungry.

You visited 2 branches of the dungeon, and saw 11 of its levels.
You also visited: Sewer.

You collected 435 gold pieces.
You spent 39 gold pieces at shops.

Inventory:

Hand Weapons
 p - a +3 whip of electrocution (weapon)
 z - the +3 dagger of Karma {pierce, +Blink Str+5 Dex-5}
   (You found it on level 9 of the Dungeon)

   It inflicts extra damage upon your enemies.
   It affects your strength (+5).
   It affects your dexterity (-5).
   It lets you blink.
Missiles
 o - 4 atropa-tipped darts (quivered)
 r - 34 poisoned darts
Armour
 a - the cursed +1 leather armour of Fun (worn) {rPois rF+++ MR- SInv}
   (You found it on level 8 of the Dungeon)

   It renders you almost immune to fire.
   It protects you from poison.
   It affects your resistance to hostile enchantments.
   It lets you see invisible.
   It has a curse placed upon it.
 g - a +2 pair of gloves (worn)
 m - a +0 buckler (worn)
 q - a scarf of spirit shield (worn)
Jewellery
 f - the ring "Cuereeco" {Ice Str+3}
   (You took it off an orc on level 7 of the Dungeon)

   [ring of ice]

   It enhances your ice magic.
   It affects your strength (+3).
   It makes you vulnerable to fire.
   It protects you from cold.
 l - a ring of positive energy (right hand)
 n - a ring of positive energy (left hand)
 u - an uncursed ring of ice
 w - an uncursed amulet of guardian spirit
 F - an uncursed ring of positive energy
Wands
 i - a wand of random effects (11)
Scrolls
 k - 4 scrolls of remove curse
 s - 3 scrolls of fog
 x - 2 scrolls of enchant armour
 D - 2 scrolls of identify
Potions
 b - 3 potions of heal wounds
 d - a potion of magic
 e - 5 potions of curing
 h - a potion of cancellation
 j - 2 potions of haste
Comestibles
 c - 12 rations


   Skills:
 - Level 2.9 Fighting
 - Level 2.6 Maces & Flails
 - Level 4.7 Dodging
 - Level 2.1 Stealth
 - Level 5.0 Shields
 * Level 7.9 Spellcasting
 - Level 4.6 Hexes
 - Level 5.0 Charms
 - Level 7.2 Summonings
 * Level 3.7 Transmutations
 - Level 4.8 Air Magic
 * Level 2.2 Earth Magic


You had 4 spell levels left.
You knew the following spells:

 Your Spells              Type           Power        Failure   Level  Hunger
a - Call Canine Familiar  Summ           ####....     2%          3    ##.....
b - Call Imp              Summ           ####....     1%          2    None
c - Spectral Weapon       Hex/Chrm       ###.....     7%          3    ##.....
d - Summon Lightning Spi  Summ/Air       ###.....     14%         4    ####...
e - Confusing Touch       Hex            ###...       2%          1    None
f - Regeneration          Chrm/Necr      ##........   19%         3    ##.....
g - Petrify               Tmut/Erth      ##......     45%         4    ####...

Your spell library contained the following spells:

 Spells                   Type           Power        Failure   Level  Hunger
 Summon Small Mammal      Summ           ####         1%          1    None
 Corona                   Hex            ###....      2%          1    None
 Infusion                 Chrm           ###.         2%          1    None
 Song of Slaying          Chrm           ###.....     3%          2    None
 Summon Guardian Golem    Hex/Summ       ###.....     4%          3    ##.....
 Confuse                  Hex            ###.....     8%          3    ##.....
 Tukima's Dance           Hex            ###.....     8%          3    ##.....
 Shroud of Golubria       Chrm/Tloc      ##....       9%          2    None
 Ensorcelled Hibernation  Hex/Ice        ##....       10%         2    None
 Animate Skeleton         Necr           N/A          17%         1    None
 Pain                     Necr           #...         17%         1    None
 Dazzling Spray           Conj/Hex       ##....       21%         3    ##.....
 Summon Ice Beast         Ice/Summ       ###.....     36%         4    ####...
 Gell's Gravitas          Tloc           #.........   45%         3    ##.....
 Vampiric Draining        Necr           #.........   45%         3    ##.....
 Animate Dead             Necr           N/A          86%         4    ####...
 Yara's Violent Unravell  Hex/Tmut       ###.......   65%         5    #####..
 Metabolic Englaciation   Hex/Ice        ##........   88%         5    #####..


Dungeon Overview and Level Annotations

Branches:
Dungeon (10/15)            Temple (1/1) D:4            Lair (0/6) D:10
  Sewer (visited)
    Orc: D:9-12

Altars:
Ashenzari
Cheibriados
Dithmenos
Elyvilon
Fedhas
Gozag
Hepliaklqana
Kikubaaqudgha
Makhleb
Nemelex Xobeh
Okawaru
Qazlal
Ru
Sif Muna
Trog
Uskayaw
Vehumet
Wu Jian
Xom
Yredelemnul
Zin
The Shining One

Shops:
D:9 *   D:10 %

Annotations:
D:5 1 runed translucent door, hofbold's ghost, novice DEEE
D:8 Erica
D:9 Get boots
D:10 Erolcha


Message History

You hit the cyclops.
The cyclops is severely wounded.
You completely miss the cyclops.
The cyclops is severely wounded.
The cyclops hits you!
* * * LOW HITPOINT WARNING * * *
Unknown command.
Okay, then.
Your lightning spire disappears in a puff of smoke!
The cyclops is no longer moving slowly.
Throwing (i - inventory. (/) - cycle)
E - a curare-tipped dart (quivered)
Press: ? - help, Shift-Dir - straight line, f/p - cyclops
Aim: a cyclops (severely wounded, poisoned, slightly transparent)
You throw a curare-tipped dart.
The curare-tipped dart hits the cyclops.
The cyclops looks even sicker.
The cyclops convulses.
The cyclops seems to slow down.
The cyclops is almost dead.
The cyclops throws a large rock.
The large rock hits you!!
You die...

*,#.#,,,,##.#.#,***,*,*,* #
*,#...,,##..#.#,,,,,*,*,* #
*,#...###...#.#******,#.######
*,*#.......##..,,,,,,,#.......
*.#####'#######**+****#####'##
#...........#.#*,,,,,,*#......
########....#.#,,,*###*#......
#..#.#.#,,*#..#*#......
#..#.#@##,#..,,*##+###' *********
#..#.'..##(#*,,+,,,,#..
,,,,,,,,**#....#..C.#,**,**,,,#..
*******,.......##ยงยง##,,*,*#+#+#+#
* **#......#####,,,*,##.#.#.# *
##.....#,,,,,,**,#....... *
##.##.#****'****#####'## ***
#.*#.#,,*,*,,,,#....... ,,*
#,*#.#,#.*,*,,,#..###.#


You could see a cyclops (invisible).

Vanquished Creatures
  Pikel (D:8)
  A centaur zombie (D:10)
  2 yaks (D:9)
  2 wyverns (D:9)
  Edmund (D:5)
  3 water moccasins
  3 orc warriors
  3 slaves (D:8)
  An ice beast (D:6)
  A black bear (D:8)
  4 ogres
  A phantom (D:10)
  4 centaurs
  A big kobold (D:7)
  2 bullfrogs
  A water moccasin zombie (D:6)
  16 killer bees (D:10)
  5 wights (D:9)
  3 howler monkeys (D:9)
  2 bullfrog zombies
  3 crimson imps
  A quasit (D:6)
  2 hounds (D:4)
  A gnoll shaman (D:4)
  2 orc priests
  4 bullfrog skeletons
  8 orc wizards
  2 centaur skeletons
  Ijyb (D:4)
  3 iguanas
  6 worker ants
  2 worker ant zombies
  8 gnolls
  12 adders
  4 river rats (Sewer)
  3 shadow imps
  2 oozes
  An adder skeleton (D:5)
  2 worms (D:3)
  3 leopard geckos
  17 orcs
  3 ball pythons
  7 bats
  11 giant cockroaches
  4 goblins
  6 hobgoblins
  10 jackals
  3 quokkas
  11 frilled lizards
  19 kobolds
  14 rats
232 creatures vanquished.

Vanquished Creatures (collateral kills)
  Fannar (D:10)
  A yak (D:9)
  A phantom (D:9)
  A bullfrog zombie (D:9)
  A quasit (D:9)
  A worker ant zombie (D:9)
  A gnoll (D:2)
  An ooze (D:1)
  2 orcs (D:6)
  2 goblins (D:1)
  4 jackals (D:9)
  A frilled lizard (D:1)
  2 kobolds (D:1)
  A rat (D:1)
20 creatures vanquished.

Vanquished Creatures (others)
  A slave (D:8)
1 creature vanquished.

Grand Total: 253 creatures vanquished

Notes
Turn   | Place    | Note
-------+----------+-------------------------------------------
     0 | D:1      | Amplified the Merfolk Summoner began the quest for the Orb.
     0 | D:1      | Reached XP level 1. HP: 13/13 MP: 3/3
   101 | D:1      | Reached skill level 1 in Fighting
   101 | D:1      | Reached XP level 2. HP: 16/21 MP: 1/5
   551 | D:1      | Learned a level 2 spell: Call Imp
   693 | D:1      | Reached XP level 3. HP: 26/26 MP: 4/6
  1515 | D:2      | Reached skill level 1 in Maces & Flails
  1650 | D:2      | Found a stormy altar of Qazlal.
  1739 | D:2      | Found a blossoming altar of Fedhas.
  1869 | D:2      | Reached XP level 4. HP: 33/33 MP: 4/7
  2147 | D:2      | Learned a level 3 spell: Call Canine Familiar
  2267 | D:3      | Found an ornate altar of the Wu Jian Council.
  2404 | D:3      | Reached XP level 5. HP: 25/39 MP: 8/8
  2577 | D:3      | Found a white marble altar of Elyvilon.
  2702 | D:3      | Learned a level 3 spell: Spectral Weapon
  3039 | D:4      | Noticed Ijyb
  3047 | D:4      | Killed Ijyb
  3089 | D:4      | Noticed an ogre
  3094 | D:4      | Killed an ogre
  3094 | D:4      | Reached skill level 1 in Hexes
  3094 | D:4      | Reached skill level 1 in Charms
  3094 | D:4      | Reached XP level 6. HP: 24/46 MP: 1/9
  3169 | D:4      | Found a shadowy altar of Dithmenos.
  3282 | D:4      | Got a transparent plate armour
  3288 | D:4      | Identified the +1 plate armour of Ryit {Regen+} (You found
                  | it on level 4 of the Dungeon)
  3382 | D:4      | Found a staircase to the Ecumenical Temple.
  3415 | D:4      | Reached XP level 7. HP: 40/51 MP: 9/11
  3472 | Temple   | Entered the Ecumenical Temple
  3594 | Temple   | Became a worshipper of Sif Muna the Loreminder
  3615 | D:4      | Learned a level 4 spell: Summon Lightning Spire
  3808 | D:5      | Entered Level 5 of the Dungeon
  3883 | D:5      | Found a runed translucent door.
  3900 | D:5      | Noticed hofbold's ghost (novice DEEE)
  4322 | D:5      | You fall into a shaft and drop 3 floors!
  4328 | D:8      | Found an iron altar of Okawaru.
  4368 | D:8      | Reached skill level 1 in Shields
  4368 | D:8      | Reached XP level 8. HP: 23/57 MP: 5/14
  4596 | D:8      | Got a crude leather armour
  4607 | D:8      | Identified the cursed +1 leather armour of Fun {rPois rF+++
                  | MR- SInv} (You found it on level 8 of the Dungeon)
  4645 | D:8      | Noticed Pikel
  4670 | D:8      | Killed Pikel
  4726 | D:8      | Reached skill level 5 in Charms
  4732 | D:8      | Reached * piety under Sif Muna
  5142 | D:8      | Reached skill level 5 in Spellcasting
  5142 | D:8      | Reached skill level 1 in Air Magic
  5142 | D:8      | Reached XP level 9. HP: 46/62 MP: 12/16
  5238 | D:8      | Noticed Erica
  5429 | D:7      | Learned a level 1 spell: Confusing Touch
  5634 | D:7      | Learned a level 3 spell: Regeneration
  5748 | D:7      | Identified the ring "Cuereeco" {Ice Str+3}
  5790 | D:7      | Reached skill level 5 in Summonings
  5973 | D:6      | Found a glowing drain.
  5980 | D:6      | Reached ** piety under Sif Muna
  6004 | Sewer    | Entered a sewer
  6646 | D:6      | Found a shattered altar of Ashenzari.
  6660 | D:6      | Reached *** piety under Sif Muna
  7072 | D:5      | Noticed Edmund
  7136 | D:5      | Killed Edmund
  7344 | D:5      | Found a shimmering altar of Xom.
  7344 | D:5      | Found a burning altar of Makhleb.
  7462 | D:5      | Reached skill level 5 in Shields
  7528 | D:5      | Found a bloodstained altar of Trog.
  7774 | D:9      | Got a bloodstained dagger
  7775 | D:9      | Identified the +3 dagger of Karma {pierce, +Blink Str+5
                  | Dex-5} (You found it on level 9 of the Dungeon)
  7971 | D:9      | Reached XP level 10. HP: 66/69 MP: 19/19
  8380 | D:9      | Reached **** piety under Sif Muna
  8653 | D:9      | Found a hazy altar of Hepliaklqana.
  8714 | D:9      | Found Ziruygac's General Store.
  8720 | D:9      | Bought a scroll of teleportation for 39 gold pieces
  8751 | D:10     | Entered Level 10 of the Dungeon
  8928 | D:10     | Found Jiskalimn's Food Emporium.
  8930 | D:10     | Noticed Erolcha
  8931 | D:10     | Noticed Fannar
  9012 | D:10     | Learned a level 4 spell: Petrify
  9025 | D:10     | Noticed a gargoyle
  9101 | D:10     | Found a staircase to the Lair.
  9118 | D:10     | Killed Fannar
  9118 | D:10     | Reached skill level 1 in Earth Magic
  9684 | D:10     | Noticed a cyclops
  9707 | D:10     | Hit by a large rock thrown by a cyclops

Levels and vault maps discovered:
D:1:      erik_arrival_gehennom, layout_basic, minivault_4
D:2:      layout_loops_ring, lemuel_crystal_altar, old_standard_altar
D:3:      layout_basic, lemuel_doored_altar, lemuel_crystal_altar, first_ration
D:4:      layout_loops_cross, kennysheep_mini_moat,
          minmay_temple_entry_glassed_door, uniq_ijyb
D:5:      layout_gridville, grunt_temple_overflow_champion_of_chaos,
          lightli_temple_of_fire, ebering_ghost_sewer_d, uniq_edmund
D:6:      layout_gridville, nicolae_overflow_crystal_walls,
          gup_sewer_entry_glass
D:7:      layout_basic
D:8:      layout_basic, overflow_temple_1_default, uniq_erica, uniq_pikel
D:9:      layout_loops_ring, old_standard_altar, serial_shops, kennysheep_mini
D:10:     minmay_the_grid_net [minmay_the_grid_dragon_a, minmay_the_grid_tree,
          minmay_the_grid_expand, minmay_the_grid_large_cup,
          minmay_the_grid_fan, minmay_the_grid_prize_shrinking_boxes],
          layout_loops_corners, lair_entry_dummy, serial_shops, shop,
          uniq_erolcha, uniq_psyche, uniq_fannar
Temple:   jpeg_temple_clearing

Skill      XL: |  1  2  3  4  5  6  7  8  9 10 |
---------------+-------------------------------+-----
Dodging        | 3 4 |  4.7
Fighting       | 1 2 |  2.9
Maces & Flails | 1 2 |  2.6
Hexes          | 1 2 3 4 |  4.6
Charms         | 1 2 3 5 |  5.0
Spellcasting   | 4 5 6 7 |  7.9
Shields        | 1 3 5 |  5.0
Air Magic      | 1 3 4 |  4.8
Summonings     | 6 7 |  7.2
Transmutations | 3 |  3.7
Earth Magic    | 2 |  2.2
Stealth        | |  2.1

Action                   |  1- 3 |  4- 6 |  7- 9 | 10-12 || total
-------------------------+-------+-------+-------+-------++-------
Melee: Unarmed           |    21 |       |       |       ||    21
       Whip              |    65 |   150 |   459 |   224 ||   898
       Tailslap          |       |       |     1 |       ||     1
Throw: Throwing net      |       |     1 |       |       ||     1
       Dart              |       |     2 |     1 |     6 ||     9
 Cast: Summon Small Mamm |    24 |       |       |       ||    24
       Call Imp          |     1 |       |       |       ||     1
       Confusing Touch   |       |       |     2 |     9 ||    11
       Summon Lightning  |       |       |     1 |     5 ||     6
       Spectral Weapon   |       |       |     1 |       ||     1
Evoke: Wand              |       |     4 |    26 |    13 ||    43
  Use: Scroll            |     2 |     5 |    15 |     2 ||    24
       Potion            |     1 |       |     9 |     5 ||    15
 Stab: Sleeping          |     2 |       |    11 |     1 ||    14
       Distracted        |       |     1 |     1 |       ||     2
       Confused          |       |       |       |     3 ||     3
  Eat: Chunk             |     4 |     1 |    12 |     3 ||    20
       Ration            |       |     1 |     1 |     2 ||     4
Armor: Robe              |    10 |       |       |       ||    10
       Ring mail         |    15 |    61 |    22 |       ||    98
       Leather armour    |       |       |    81 |    39 ||   120
       Skin              |       |       |       |    28 ||    28
Dodge: Dodged            |    48 |   103 |   260 |   131 ||   542
Block: Buckler           |       |       |    91 |    60 ||   151
